 Dungeon Crawl Stone Soup version 0.32-a0-338-g4f8ebfe289 (webtiles) character file.

Game seed: 13557282849674251721

5 Kenran the Chiller (level 1, 0/16 HPs)
             Began as a Mountain Dwarf Ice Elementalist on Feb 17, 2024.
             Slain by a jackal (2 damage)
             ... on level 1 of the Dungeon.
             The game lasted 00:00:34 (163 turns).

Kenran the Chiller (Mountain Dwarf Ice Elementalist) Turns: 163, Time: 00:00:35

Health: 0/16       AC:  2    Str: 10    XL:     1   Next: 66%
Magic:  3/3        EV: 11    Int: 15    God:
Gold:   30         SH:  0    Dex: 10    Spells: 2/3 levels left

rFire   . . .        (no weapon)
rCold   . . .        (no shield)
rNeg    . . .        a - +0 robe
rPois   .            (no helmet)
rElec   .            (no cloak)
rCorr   .            (no gloves)
SInv    .            (no boots)
Will    .....        (no amulet)
Stlth   ++           (no ring)
HPRegen 0.22/turn    (no ring)
MPRegen 0.08/turn

%: no passive effects
@: no status effects
A: runic magic, artefact enchanting
a: no special abilities


You were on level 1 of the Dungeon.
You visited 1 branch of the dungeon, and saw 1 of its levels.

You collected 30 gold pieces.

Inventory:

Armour
 a - a +0 robe (worn)
Potions
 c - a potion of brilliance {unknown}


   Skills:
 + Level 1.4 Fighting
 - Level 1.3 Dodging
 - Level 1.4 Stealth
 - Level 1.7 Spellcasting
 - Level 3.6 Ice Magic


You had 2 spell levels left.
You knew the following spells:

 Your Spells              Type           Power      Damage    Failure   Level
a - Freeze                Ice            48%        1d6       5%          1

Your spell library contained the following spells:

 Spells                   Type           Power      Damage    Failure   Level
 Frozen Ramparts          Ice            24%        1d4       16%         3
 Ozocubu's Armour         Ice            12%        N/A       16%         3
 Summon Ice Beast         Ice/Summ       6%         N/A       32%         3


Dungeon Overview and Level Annotations

Branches:
Dungeon (1/15)

Altars:


Innate Abilities, Weirdness & Mutations

Your spellcasting is much less encumbered by armour.
You can use scrolls of enchantment on lesser artefacts.


Message History

You freeze the jackal.
The jackal is moderately wounded.
The jackal barely misses you.
You barely miss the jackal.
The jackal is moderately wounded.
The jackal bites you. The jackal closely misses you.
You closely miss the jackal.
The jackal is moderately wounded.
The jackal barely misses you.
You closely miss the jackal.
The jackal is moderately wounded.
The jackal bites you. The jackal barely misses you.
You barely miss the jackal.
The jackal is moderately wounded.
The jackal bites you.
Found a scroll labelled QOHOIX UTAM.
The jackal attacks as it pursues you! The jackal barely misses you. x2
Found a hand axe.
The jackal attacks as it pursues you! The jackal barely misses you.
The jackal attacks as it pursues you! The jackal bites you.
* * * LOW HITPOINT WARNING * * *
The jackal closely misses you. The jackal attacks as it pursues you!
The jackal bites you.
* * * LOW HITPOINT WARNING * * *
The jackal attacks as it pursues you!
The jackal bites you but does no damage.
The jackal attacks as it pursues you! The jackal bites you.
* * * LOW HITPOINT WARNING * * *
The jackal misses you.
Casting: Freeze (safe; 5% risk of failure)
Confirm with . or Enter, or press ? or * to list all spells.
Aiming: Freeze (safe; 5% risk of failure)
Press: ? - help, Shift-Dir - straight line, f/p - jackal
Aim: a jackal You freeze the jackal.
The jackal is almost dead.
The jackal bites you.
* * * LOW HITPOINT WARNING * * *
Magic courses through your body. The jackal bites you.
You die...

.#.##.. ? #. .....# .#..)
#..#####.....
#............
#...#........
#.g.#h######. #hh.#h# #.#
#h###g# #.# #@# #.# #.#
#.#.# #.# #.# #.#.###.#
#.# ###.#.....# #.#
#..#......#########.#####
#..#......# #..........
#..#......#####.###.#####
#..#............# #.#
##..#......###.#.# #.#


You could see 3 jackals and a hobgoblin.

Vanquished Creatures
  A jackal (D:1)
  A quokka (D:1)
  A rat (D:1)
3 creatures vanquished.

Notes
Turn   | Place    | Note
-------+----------+-------------------------------------------
     0 | D:1      | Kenran the Mountain Dwarf Ice Elementalist began the quest
                  | for the Orb.
     0 | D:1      | Reached XP level 1. HP: 14/14 MP: 3/3
   123 | D:1      | Reached skill level 1 in Fighting
   163 | D:1      | Slain by a jackal

Illustrated notes

Levels and vault maps discovered:
D:1:      giann_horns, layout_basic, serial_shops, nicolae_shop_mannequins

Skill      XL: |  1 |
---------------+----+-----
Fighting       | 1 |  1.4
Dodging        | |  1.3
Stealth        | |  1.4
Spellcasting   | |  1.7
Ice Magic      | |  3.6

Action                     || total
---------------------------++-------
  Melee: Unarmed           ||    25
   Cast: Freeze            ||     6
    Use: Potion            ||     1
   Stab: Sleeping          ||     1
 Armour: Robe              ||    20
  Dodge: Dodged            ||    28

Table legend: (Time is in decaauts)
 A = Elapsed time spent in this place.
 B = Non-inter-level travel time spent in this place.
 C = Inter-level travel time spent in this place.
 D = Time resting spent in this place.
 E = Time spent auto-exploring this place.
 F = Levels seen in this place.
 G = Mean time per level.
                   A        B        C        D        E       F      G
               +--------+--------+--------+--------+--------+-----+--------+
         Total |    163 |    163 |      0 |      7 |     91 |   1 |  163.0 |
       Dungeon |    163 |    163 |      0 |      7 |     91 |   1 |  163.0 |
               +--------+--------+--------+--------+--------+-----+--------+

Top non-repeatable levels by time:
     D:1: 163 daAuts
